 Dungeon Crawl Stone Soup version 0.29.1-13-g9f3cf754e1 (webtiles) character file.

Game seed: 18353188551828880875

680 Gabide the Conjurer (level 7, 0/57 HPs)
             Began as a Demigod Conjurer on Feb 9, 2023.
             Slain by u553311's ghost (7 damage)
             ... on level 4 of the Dungeon.
             The game lasted 00:08:11 (7135 turns).

Gabide the Conjurer (Demigod Conjurer)              Turns: 7135, Time: 00:08:12

Health: 0/57       AC:  3    Str:  8    XL:     7   Next: 12%
Magic:  5/16       EV: 13    Int: 34    God:
Gold:   373        SH:  0    Dex: 18    Spells: 8/14 levels left

rFire   . . .      SeeInvis .   l - +5 short sword (speed)
rCold   . . .      Faith    .   (no shield)
rNeg    . . .      Spirit   .   a - +0 robe
rPois   .          Reflect  .   (no helmet)
rElec   .          Harm     .   (no cloak)
rCorr   .          Rampage  .   (no gloves)
Will    .....                   k - +0 pair of boots
Stlth   ++........              (no amulet)
HPRegen 0.19/turn               h - +6 ring of intelligence
MPRegen 0.15/turn               t - +6 ring of dexterity

@: no status effects
A: high MP 1, forlorn, divine attributes
a: no special abilities


You were on level 4 of the Dungeon.
You visited 1 branch of the dungeon, and saw 5 of its levels.

You collected 373 gold pieces.

Inventory:

Hand Weapons
 d - a +0 demon blade of electrocution
 l - a +5 short sword of speed (weapon)
Missiles
 o - 11 poisoned darts
Armour
 a - a +0 robe (worn)
 k - a +0 pair of boots (worn)
Jewellery
 h - a +6 ring of intelligence (left hand)
 t - a +6 ring of dexterity (right hand)
 u - an amulet of guardian spirit
Scrolls
 e - a scroll of immolation
 f - 3 scrolls of teleportation
 j - a scroll of fear {unknown}
 m - a scroll of noise {unknown}
 n - 2 scrolls of amnesia
 q - a scroll of enchant weapon
 s - 2 scrolls of vulnerability
 v - a scroll of blinking {unknown}
Potions
 b - 2 potions of magic
 c - 4 potions of curing {unknown}
 g - a potion of brilliance {unknown}
 i - 3 potions of might
 p - a potion of invisibility {unknown}
 r - a potion of berserk rage {unknown}


   Skills:
 + Level 3.2 Fighting
 + Level 3.3 Dodging
 - Level 2.0 Stealth
 * Level 4.0 Spellcasting
 * Level 5.5 Conjurations


You had 8 spell levels left.
You knew the following spells:

 Your Spells              Type           Power      Damage    Failure   Level
a - Magic Dart            Conj           100%       1d8       1%          1
b - Searing Ray           Conj           88%        2d7       1%          2
c - Dazzling Flash        Conj/Hex       50%        N/A       4%          3

Your spell library contained the following spells:

 Spells                   Type           Power      Damage    Failure   Level
 Necrotise                Necr           24%        1d5       4%          1
 Summon Small Mammal      Summ           24%        N/A       4%          1
 Call Canine Familiar     Summ           6%         N/A       14%         3
 Summon Guardian Golem    Hex/Summ       6%         N/A       14%         3
 Tukima's Dance           Hex            6%         N/A       14%         3
 Vampiric Draining        Necr           6%         2d6       14%         3
 Fulminant Prism          Conj/Hex       12%        3d9       16%         4
 Iskenderun's Mystic Bla  Conj/Tloc      25%        2d7       16%         4
 Passage of Golubria      Tloc           6%         N/A       43%         4
 Agony                    Necr           6%         N/A       80%         5
 Alistair's Intoxication  Tmut/Pois      4%         N/A       80%         5
 Borgnjor's Vile Clutch   Necr/Erth      3%         N/A       80%         5
 Yara's Violent Unravell  Hex/Tmut       3%         3d4       80%         5
 Conjure Ball Lightning   Conj/Air       12%        3x3d6     94%         6
 Eringya's Noxious Bog    Tmut/Pois      3%         N/A       100%        6
 Discord                  Hex            3%         N/A       100%        8
 Disjunction              Tloc           3%         N/A       100%        8


Dungeon Overview and Level Annotations

Branches:
Dungeon (5/15)             Temple (0/1) D:4

Shops:
D:5 [

Annotations:
D:4 u553311's ghost, amateur DsAK


Innate Abilities, Weirdness & Mutations

You have an increased reservoir of magic. (+10% MP)
You shall have no god before yourself.
Your divine heritage dramatically boosts your attributes as you level up.


Message History

U553311's ghost is heavily damaged.
The searing ray hits the ogre!
The ogre is moderately wounded. (Press . to maintain the ray.) U553311's ghost hits you.
The searing ray hits u553311's ghost!
U553311's ghost is almost destroyed.
U553311's ghost hits you but does no damage.
The searing ray hits u553311's ghost but does no damage.
U553311's ghost is almost destroyed.
The ogre hits you with a +0 giant spiked club!!
U553311's ghost prays.
U553311's ghost hits you!
* * * LOW HITPOINT WARNING * * *
Unknown command.
U553311's ghost barely misses you.
The ogre hits you with a +0 giant spiked club.
* * * LOW HITPOINT WARNING * * *
You climb upwards.
There is a stone staircase leading down here.
Okay, then.
U553311's ghost barely misses you. U553311's ghost barely misses you.
Aiming: Searing Ray (safe; 1% risk of failure)
Press: ? - help, Q - select action, (/) - cycle Shift-Dir - straight line, f - u553311's ghost
Aim: u553311's ghost (severely damaged, 80% to hit)
The searing ray hits u553311's ghost.
U553311's ghost is almost destroyed.
The searing ray hits the ogre.
The ogre is heavily wounded. (Press . to maintain the ray.) U553311's ghost hits you.
* * * LOW HITPOINT WARNING * * *
Restarting spell: Searing Ray (safe; 1% risk of failure)
Press: ? - help, Q - select action, (/) - cycle Shift-Dir - straight line, f/p - u553311's ghost
Aim: u553311's ghost (almost destroyed, 80% to hit)
The searing ray misses u553311's ghost. (Press . to maintain the ray.) U553311's ghost hits you!
You die...

############# ####
#########...........######..##
#.......#...........[.#.......
##.......#.............##......
##.......#.....@........##......
##........#....OW.......####.....
#.........#......>......####.....
..#.......)..............##......
..#.......#............#.##......
.###......##..........##.#.......
## #......##........#..##.#......
## ##.....###...##.♣#♣.♣#.#......
.# #.....# ######.....##.##.....


You could see an ogre and u553311's ghost.

Vanquished Creatures
  2 ogres
  A howler monkey (D:5)
  A crimson imp (D:4)
  A hound (D:5)
  3 orc priests
  2 iguanas (D:5)
  Terence (D:2)
  An orc wizard (D:3)
  2 hound zombies (D:4)
  4 gnolls
  5 adders
  A white imp (D:4)
  An adder zombie (D:4)
  4 worms
  3 dart slugs
  4 orcs
  2 ball pythons
  4 endoplasms
  3 giant cockroaches
  6 hobgoblins
  17 jackals
  A quokka (D:1)
  A bat (D:1)
  2 frilled lizards
  2 goblins
  A jackal zombie (D:4)
  6 kobolds
  2 rats (D:3)
83 creatures vanquished.

Vanquished Creatures (others)
  2 plants (D:4)
2 creatures vanquished.

Grand Total: 85 creatures vanquished

Notes
Turn   | Place    | Note
-------+----------+-------------------------------------------
     0 | D:1      | Gabide the Demigod Conjurer began the quest for the Orb.
     0 | D:1      | Reached XP level 1. HP: 14/14 MP: 5/5
   154 | D:1      | Reached skill level 4 in Conjurations
   154 | D:1      | Reached XP level 2. HP: 14/20 MP: 0/7
   385 | D:1      | Reached skill level 1 in Fighting
  1313 | D:2      | Reached XP level 3. HP: 28/28 MP: 1/8
  2106 | D:2      | Noticed Terence
  2140 | D:3      | Learned a level 2 spell: Searing Ray
  2914 | D:3      | Reached XP level 4. HP: 36/36 MP: 2/10
  3405 | D:3      | Reached XP level 5. HP: 42/42 MP: 4/11
  4373 | D:4      | Found a staircase to the Ecumenical Temple.
  4720 | D:4      | Noticed an ogre
  4741 | D:4      | Killed an ogre
  4742 | D:4      | Reached skill level 5 in Conjurations
  4742 | D:4      | Reached XP level 6. HP: 50/50 MP: 10/14
  5203 | D:4      | Learned a level 3 spell: Dazzling Flash
  5281 | D:5      | Entered Level 5 of the Dungeon
  5604 | D:5      | Found a runed translucent gate.
  5604 | D:5      | Found a runed translucent gate.
  5604 | D:5      | Found a runed translucent gate.
  5605 | D:5      | Noticed u553311's ghost (amateur DsAK)
  5605 | D:5      | Noticed a two-headed ogre
  5989 | D:5      | Reached XP level 7. HP: 57/57 MP: 11/16
  6037 | D:5      | Found Bydoom's Armour Shop.
  6563 | D:2      | Killed Terence
  7135 | D:4      | Slain by u553311's ghost

Illustrated notes

Levels and vault maps discovered:
D:1:      dpeg_arrival_signposts, layout_basic,
          hellmonk_ecumenical_altar_dog_temple
D:2:      layout_basic, amcnicky_mini_rare_corridor_liquid, uniq_terence
D:3:      layout_basic, mrwooster_statue_mirror
D:4:      layout_cave_pods, nicolae_yredelemnul_corpse_copse, xom_redecorated,
          temple_fountains, serial_forest, infiniplex_forest_clump_cross,
          infiniplex_forest_lined_corner, infiniplex_forest_zigzag_2,
          infiniplex_forest_lined_room_, infiniplex_forest_lined_corner,
          infiniplex_forest_clump_curved, infiniplex_forest_straight_3,
          minivault_5, minmay_fire_ice_demons
D:5:      layout_cave_pools, nemelex_diamond_rough_becter, serial_shops,
          nicolae_shop_window_shopping, gammafunk_ghost_split

Skill      XL: |  1  2  3  4  5  6  7 |
---------------+----------------------+-----
Dodging        | 2 3 |  3.3
Spellcasting   | 2 3 4 |  4.0
Conjurations   | 4 5 |  5.5
Fighting       | 1 2 3 |  3.2
Stealth        | 2 |  2.0

Action                   |  1- 3 |  4- 6 |  7- 9 || total
-------------------------+-------+-------+-------++-------
Melee: Unarmed           |    40 |       |       ||    40
       Punch             |     1 |       |       ||     1
Throw: Dart              |       |     5 |       ||     5
 Cast: Magic Dart        |   107 |   115 |       ||   222
       Searing Ray       |       |     8 |    10 ||    18
  Use: Scroll            |     1 |     3 |     4 ||     8
Armor: Robe              |    16 |     7 |     2 ||    25
Dodge: Dodged            |    28 |    36 |     7 ||    71
